 Dungeon Crawl Stone Soup version 0.28-a0-535-g6f645e4c1d (webtiles) character file.

Game seed: 2164087019315562126

32955 ytrimaz the Severer (level 13, -5/119 HPs)
             Began as a Minotaur Fighter on Sept 27, 2021.
             Was a High Priest of the Shining One.
             Slain by a catoblepas (21 damage)
             ... on level 13 of the Dungeon.
             The game lasted 00:24:25 (14545 turns).

ytrimaz the Severer (Minotaur Fighter)             Turns: 14545, Time: 00:24:26

Health: -5/119     AC: 27    Str: 26    XL:     13   Next: 34%
Magic:  13/16      EV: 14    Int:  5    God:    the Shining One [*****.]
Gold:   1015       SH:  5    Dex: 10    Spells: 12/12 levels left

rFire   . . .      SeeInvis .   P - +1 hand axe (holy)
rCold   + . .      Faith    .   c - +1 buckler
rNeg    + + .      Spirit   .   C - +10 chain mail of Buonnoegh {rC+}
rPois   +          Reflect  .   (helmet restricted)
rElec   .          Harm     .   j - +0 cloak
rCorr   .          Rampage  .   (no gloves)
Will    .....                   K - +0 pair of boots
Stlth   ..........              z - amulet of the acrobat
HPRegen 0.29/turn               B - +4 ring of evasion
MPRegen 0.15/turn               k - ring of poison resistance

@: glowing
A: horns 2, retaliatory headbutt
a: Renounce Religion, Divine Shield, Cleansing Flame, Summon Divine Warrior


You were on level 13 of the Dungeon.
You worshipped the Shining One.
The Shining One was extremely pleased with you.
You visited 2 branches of the dungeon, and saw 14 of its levels.

You collected 1035 gold pieces.
You spent 20 gold pieces at shops.

Inventory:

Hand Weapons
 a - a +0 war axe of freezing
 t - a +1 morningstar of flaming
 x - the +2 hand axe of Janan {vorpal, rC- Will++}
   (You found it on level 10 of the Dungeon)

   It inflicts extra damage upon your enemies.
   rC:        It makes you vulnerable to cold.
   Will:      It greatly increases your willpower.
 D - a +0 hand axe of flaming
 P - a +1 hand axe of holy wrath (weapon)
Armour
 c - a +1 buckler (worn)
 d - a +4 chain mail of cold resistance
 j - a +0 cloak (worn)
 C - the +10 chain mail of Buonnoegh (worn) {rC+}
   (You acquired it on level 8 of the Dungeon)

   rC:        It protects you from cold.
 E - a +0 plate armour
 K - a +0 pair of boots (worn)
Jewellery
 e - a +6 ring of dexterity
 f - a ring of magical power
 k - a ring of poison resistance (right hand)
 o - a ring of resist corrosion
 z - an amulet of the acrobat (around neck)
 B - a +4 ring of evasion (left hand)
 F - an amulet of guardian spirit
 J - a ring of positive energy
 N - a ring of wizardry
 Q - a ring of ice
Wands
 p - a wand of iceblast (9)
 s - a wand of digging (8)
 v - a wand of acid (6)
 A - a wand of flame (18)
 M - a wand of mindburst (14)
Scrolls
 b - a scroll of amnesia
 n - 6 scrolls of enchant weapon
 w - 2 scrolls of teleportation
 y - 2 scrolls of fog
 I - a scroll of silence
 O - 2 scrolls of identify
Potions
 g - 3 potions of cancellation
 h - a potion of lignification
 m - 3 potions of magic
 q - 2 potions of flight
 r - a potion of ambrosia
 u - a potion of brilliance
 G - a potion of mutation
 H - a potion of haste
 R - a potion of might


   Skills:
 + Level 12.5 Fighting
 + Level 17.3 Axes
 * Level 15.4 Armour
 - Level 4.0 Dodging
 - Level 4.0 Shields
 * Level 6.2 Invocations


You had 12 spell levels left.
You didn't know any spells.
Your spell library contained the following spells:

 Spells                   Type           Power      Damage    Failure   Level
 Animate Skeleton         Necr           0%         N/A       89%         1
 Apportation              Tloc           0%         N/A       89%         1
 Summon Small Mammal      Summ           0%         N/A       89%         1
 Corpse Rot               Necr/Air       N/A        N/A       96%         2
 Poisonous Vapours        Pois/Air       0%         N/A       96%         2
 Slow                     Hex            0%         N/A       96%         2
 Static Discharge         Conj/Air       0%         N/A       96%         2
 Confusing Touch          Hex            0%         N/A       99%         3
 Gell's Gravitas          Tloc           0%         N/A       99%         3
 Lesser Beckoning         Tloc           0%         N/A       99%         3
 Summon Guardian Golem    Hex/Summ       0%         N/A       99%         3
 Teleport Other           Tloc           0%         N/A       99%         3
 Vampiric Draining        Necr           0%         2d6       99%         3
 Lightning Bolt           Conj/Air       0%         1d11      100%        5
 Orb of Destruction       Conj           0%         N/A       100%        7
 Spellforged Servitor     Conj/Summ      0%         N/A       100%        7
 Maxwell's Capacitive Co  Air            0%         ∞         100%        8
 Chain Lightning          Conj/Air       0%         N/A       100%        9
 Fire Storm               Conj/Fire      0%         5d1       100%        9
 Shatter                  Erth           0%         3d5*      100%        9


Dungeon Overview and Level Annotations

Branches:
Dungeon (13/15)            Temple (1/1) D:5            Lair (0/6) D:11
    Orc (0/2) D:9
 Vaults: D:13-14

Altars:
Ashenzari
Cheibriados
Dithmenos
Elyvilon
Fedhas
Gozag
Hepliaklqana
Kikubaaqudgha
Makhleb
Nemelex Xobeh
Okawaru
Qazlal
Ru
Sif Muna
Trog
Uskayaw
Vehumet
Wu Jian
Xom
Yredelemnul
Zin
The Shining One

Shops:
D:1 =   D:8 *

Annotations:
D:11 exclusion: oklob plant
D:12 2 transporters, Pim Xuuc's ghost, journeyman DEWz


Innate Abilities, Weirdness & Mutations

You have a pair of horns on your head.
You reflexively headbutt those who attack you in melee.


Message History

Unknown command.
The golden flame engulfs you but does no damage.
You resist.
The golden flame engulfs the catoblepas!
The catoblepas is severely wounded.
You are engulfed in calcifying dust.
You hear a shout!
The catoblepas gores you.
* * * LOW HITPOINT WARNING * * *
Your limbs are stiffening.
Unknown command.
You feel better. The catoblepas gores you!
* * * LOW HITPOINT WARNING * * *
The catoblepas gores you.
* * * LOW HITPOINT WARNING * * *
You have turned to stone.
The catoblepas gores you but does no damage. x2
The catoblepas gores you!
* * * LOW HITPOINT WARNING * * *
The catoblepas breathes a plume of calcifying dust at you.
The blast of calcifying dust hits you but does no damage.
You are engulfed in calcifying dust.
The catoblepas barely misses you.
You are engulfed in calcifying dust.
The catoblepas gores you!
* * * LOW HITPOINT WARNING * * *
You are engulfed in calcifying dust.
The catoblepas barely misses you.
The catoblepas gores you but does no damage.
You turn to flesh and can move again.
As you read the scroll of fear, it crumbles to dust.
You assume a fearsome visage.
The catoblepas easily resists.
The catoblepas barely misses you. You furiously retaliate!
You headbutt the catoblepas!
Unknown command.
Okay, then.
Unknown command.
You fail to use your ability.
The catoblepas closely misses you.
Unknown command.
You feel better.
You hear the faint creaking of a distant portcullis.
The catoblepas gores you!!
You die...

,,,,.......§.!##.....##........>.
,,,,...(.....$#........).........
,,,,....O..............##........
,,,,..........#..................
,,,,.......##.##.......##..#.....
,,,,.............................
,,,,...........##...........[....
,,,,###.......................##.
,,,,*#.........)@....?......)....
*,,*#....##....Y#)...............
**,*##..#*##....#................
*,,**###**#......................
,,,,,***,.$......................
,,,,,**,,.................!......
**,,,,*,,..........##............
*,,,,,,,................##......
***,,,,,,.....#.....,...,*,,*,,,


You could see a catoblepas.

Vanquished Creatures
  Frances (D:12)
  Josephine (D:11)
  A boulder beetle (D:12)
  Fannar (D:12)
  4 hydras
  9 two-headed ogres
  A centaur warrior (D:9)
  A satyr (shapeshifter) (D:9)
  Urug (D:12)
  2 cyclopes
  3 ugly things
  9 centaur zombies
  An unseen horror (D:12)
  Maggie (D:8)
  2 kobold demonologists (D:9)
  Psyche (D:11)
  A komodo dragon (D:13)
  7 trolls
  13 slime creatures
  Sigmund (D:3)
  A vampire (D:12)
  2 shadows
  8 wraiths
  15 yaks
  Grum (D:11)
  2 steam dragons (D:9)
  Edmund (D:4)
  9 vampire mosquitoes
  An acid dragon (D:10)
  A water moccasin (D:3)
  9 orc warriors
  A hornet zombie (D:7)
  A necrophage (D:4)
  2 black bears (D:6)
  A sky beast (D:7)
  7 ogres
  2 wolves (D:11)
  13 centaurs
  A phantom (D:5)
  9 kobold brigands
  3 bullfrogs
  4 gnoll sergeants (D:9)
  A wyvern zombie (D:7)
  4 scorpions
  A killer bee (D:9)
  7 wights
  4 howler monkeys
  2 gnoll shamans (D:7)
  A hound (D:4)
  A jelly (D:4)
  5 orc priests
  A centaur skeleton (D:6)
  A bullfrog skeleton (D:4)
  2 iguanas
  13 orc wizards
  A killer bee zombie (D:9)
  A hound skeleton (D:4)
  10 gnolls
  A howler monkey skeleton (D:5)
  A howler monkey zombie (D:9)
  7 adders
  A shadow imp (D:8)
  An ufetubus (D:4)
  2 dart slugs
  32 orcs
  5 bats
  6 endoplasms
  6 giant cockroaches
  3 goblins
  11 hobgoblins
  14 kobolds
  3 quokkas
  5 ball pythons
  A frilled lizard (D:3)
  7 rats
316 creatures vanquished.

Vanquished Creatures (others)
  13 plants
13 creatures vanquished.

Grand Total: 329 creatures vanquished

Notes
Turn   | Place    | Note
-------+----------+-------------------------------------------
     0 | D:1      | ytrimaz the Minotaur Fighter began the quest for the Orb.
     0 | D:1      | Reached XP level 1. HP: 19/19 MP: 0/0
   208 | D:1      | Found Achamofu's Jewellery Boutique.
   352 | D:1      | Reached XP level 2. HP: 22/27 MP: 1/1
  1120 | D:2      | Reached XP level 3. HP: 33/33 MP: 2/2
  1169 | D:2      | Reached skill level 3 in Axes
  1267 | D:2      | Found a faded altar of an unknown god.
  1843 | D:3      | Noticed a water moccasin
  1848 | D:3      | Killed a water moccasin
  1849 | D:3      | Reached skill level 4 in Axes
  1849 | D:3      | Reached skill level 5 in Armour
  1849 | D:3      | Reached XP level 4. HP: 40/40 MP: 3/3
  1849 | D:3      | Reached XP level 5. HP: 46/46 MP: 4/4
  2093 | D:3      | Noticed Sigmund
  2106 | D:3      | Killed Sigmund
  2107 | D:3      | Reached skill level 5 in Axes
  2107 | D:3      | Reached XP level 6. HP: 29/53 MP: 5/5
  2685 | D:4      | Noticed Edmund
  2698 | D:4      | Killed Edmund
  2699 | D:4      | Reached XP level 7. HP: 53/60 MP: 6/6
  2758 | D:4      | Found a shimmering blue altar of Sif Muna.
  2887 | D:4      | Reached skill level 6 in Axes
  3010 | D:4      | Reached skill level 5 in Fighting
  3503 | D:5      | Entered Level 5 of the Dungeon
  3667 | D:5      | Reached skill level 7 in Axes
  3667 | D:5      | Reached XP level 8. HP: 62/68 MP: 7/7
  3941 | D:5      | Found a staircase to the Ecumenical Temple.
  4043 | Temple   | Entered the Ecumenical Temple
  4308 | Temple   | Became a worshipper of the Shining One
  5267 | D:6      | Reached skill level 8 in Axes
  6235 | D:6      | Reached skill level 9 in Axes
  6261 | D:6      | Reached skill level 10 in Armour
  6630 | D:7      | Found a stormy altar of Qazlal.
  6649 | D:7      | Reached XP level 9. HP: 75/75 MP: 8/8
  6702 | D:7      | Reached * piety under the Shining One
  6942 | D:7      | Reached skill level 10 in Axes
  7101 | D:7      | Found a white marble altar of Elyvilon.
  7231 | D:7      | Found a bloodstained altar of Trog.
  7243 | D:7      | Found a blossoming altar of Fedhas.
  7543 | D:8      | Reached skill level 11 in Axes
  7632 | D:8      | Found Atyofif's CLEARANCE SALE!.
  7639 | D:8      | Bought a scroll of fog for 10 gold pieces
  7639 | D:8      | Bought a scroll of identify for 10 gold pieces
  7789 | D:8      | Noticed Maggie
  7798 | D:8      | Killed Maggie
  7870 | D:8      | Reached XP level 10. HP: 86/86 MP: 9/9
  7880 | D:8      | Reached skill level 12 in Axes
  7881 | D:8      | Identified a scroll of acquirement
  7882 | D:8      | Acquired the +10 chain mail of Buonnoegh {rC+}
  8203 | D:8      | Noticed a two-headed ogre
  8211 | D:8      | Killed a two-headed ogre
  8312 | D:8      | Found an opulent altar of Gozag.
  8344 | D:8      | Noticed a two-headed ogre
  8357 | D:8      | Killed a two-headed ogre
  8358 | D:8      | Reached skill level 1 in Dodging
  8753 | D:9      | Reached ** piety under the Shining One
  8839 | D:9      | Noticed a two-headed ogre
  8840 | D:9      | Noticed a two-headed ogre
  8850 | D:9      | Killed a two-headed ogre
  8851 | D:9      | Reached skill level 13 in Axes
  8856 | D:9      | Killed a two-headed ogre
  9231 | D:9      | Reached XP level 11. HP: 58/97 MP: 10/10
  9525 | D:9      | Noticed a centaur warrior
  9538 | D:9      | Killed a centaur warrior
  9539 | D:9      | Reached skill level 14 in Axes
  9675 | D:9      | Noticed a seven-headed hydra
  9682 | D:9      | Killed a three-headed hydra
  9747 | D:9      | Noticed a two-headed ogre
  9748 | D:9      | Noticed a four-headed hydra
  9748 | D:9      | Noticed a catoblepas
  9748 | D:9      | Noticed a red ugly thing
  9777 | D:9      | Reached skill level 1 in Invocations
 10136 | D:9      | Found a staircase to the Orcish Mines.
 10136 | D:9      | Reached *** piety under the Shining One
 10797 | D:9      | Noticed a satyr
 10802 | D:9      | Killed a satyr
 10837 | D:9      | Killed a two-headed ogre
 10838 | D:9      | Reached skill level 15 in Axes
 10844 | D:9      | Killed a red ugly thing
 10845 | D:9      | Reached skill level 10 in Fighting
 10995 | D:9      | Killed a one-headed hydra
 11097 | D:10     | Entered Level 10 of the Dungeon
 11109 | D:10     | Identified the +2 hand axe of Janan {vorpal, rC- Will++}
 11189 | D:10     | Reached XP level 12. HP: 89/106 MP: 13/13
 11575 | D:10     | Found a shadowy altar of Dithmenos.
 11578 | D:10     | Found a sparkling altar of Nemelex Xobeh.
 11895 | D:10     | Reached **** piety under the Shining One
 11983 | D:11     | Noticed a four-headed hydra
 11991 | D:11     | Killed a one-headed hydra
 11992 | D:11     | Reached skill level 16 in Axes
 12051 | D:11     | Noticed Psyche
 12062 | D:11     | Killed Psyche
 12182 | D:11     | Noticed a four-headed hydra
 12185 | D:11     | Noticed Grum
 12189 | D:11     | Killed a one-headed hydra
 12197 | D:11     | Killed Grum
 12247 | D:11     | Found a staircase to the Lair.
 12451 | D:11     | Reached skill level 5 in Invocations
 12456 | D:11     | Noticed Josephine
 12475 | D:11     | Killed Josephine
 12782 | D:12     | Noticed Urug
 12793 | D:12     | Killed Urug
 12842 | D:12     | Noticed a two-headed ogre
 12850 | D:12     | Killed a two-headed ogre
 12909 | D:12     | Noticed a two-headed ogre
 13069 | D:12     | Reached skill level 17 in Axes
 13348 | D:12     | Reached ***** piety under the Shining One
 13466 | D:12     | Identified the +7 great mace "Wasaikis" {flame, +Blink rC-
                  | Will+ Int+4}
 13466 | D:12     | Noticed a two-headed ogre
 13467 | D:12     | Noticed a two-headed ogre
 13468 | D:12     | Noticed a two-headed ogre
 13471 | D:12     | Found a transporter.
 13471 | D:12     | Noticed a two-headed ogre
 13474 | D:12     | Noticed Pim Xuuc's ghost (journeyman DEWz)
 13475 | D:12     | Found a transporter.
 13494 | D:12     | Noticed a boulder beetle
 13510 | D:12     | Killed a boulder beetle
 13511 | D:12     | Reached skill level 15 in Armour
 13511 | D:12     | Reached XP level 13. HP: 82/117 MP: 16/16
 13996 | D:12     | Noticed Frances
 14017 | D:12     | Killed Frances
 14217 | D:12     | Noticed Fannar
 14285 | D:12     | Killed Fannar
 14483 | D:13     | Paralysed by a centaur for 2 turns
 14540 | D:13     | HP: 4/119 [catoblepas (7)]
 14545 | D:13     | Slain by a catoblepas

Illustrated notes

Levels and vault maps discovered:
D:1:      dpeg_arrival_arbitrary_b, layout_basic, serial_shops,
          nicolae_shop_window_shopping, minmay_curled_crystal
D:2:      minmay_recursive_quarters, layout_basic,
          ebering_ecumenical_altar_webs, minmay_indecisive_spiral
D:3:      layout_loops_ring, hangedman_decor_peaks_small, uniq_sigmund
D:4:      minmay_inner_zag, layout_cave_pools,
          mainiacjoe_overflow_small_starburst, minmay_stone_trees_medium,
          uniq_edmund
D:5:      layout_cave_pools, minmay_temple_entry_gardened_gates
D:6:      nicolae_whirlpool, layout_gridville
D:7:      layout_rooms, nicolae_qazlal_scattered_showers,
          mainiacjoe_overflow_six_doors_small, jmf_multi_god_temple,
          kennysheep_generic_room_4
D:8:      layout_layer_cave, nicolae_gozag_cash_rules_everything_around_me,
          nicolae_shop_clearance, uniq_maggie
D:9:      minmay_the_grid_4x2 [minmay_the_grid_expand, minmay_the_grid_doors,
          minmay_the_grid_dragon_a, minmay_the_grid_garden,
          minmay_the_grid_all_tris, minmay_the_grid_minigrid_medium,
          minmay_the_grid_stretched_grid, minmay_the_grid_prize_big_room],
          layout_basic, kennysheep_orc_monster_closet_entryway
D:10:     layout_roguey, mainiacjoe_overflow_catwalk_spiral,
          minmay_fractal_squares_5
D:11:     layout_cave_pools, dpeg_oklobed_lair, minivault_27, solitary_fountain,
          uniq_josephine, uniq_psyche, uniq_grum
D:12:     layout_cave_pods, gammafunk_ghost_smash, uniq_frances, uniq_urug,
          uniq_fannar
D:13:     layout_cave_pools, enter_bailey_7
Temple:   eino_temple_water

Skill      XL: |  1  2  3  4  5  6  7  8  9 10 11 12 13 |
---------------+----------------------------------------+-----
Armour         | 4 5 6 7 8 10 11 12 13 15 | 15.4
Fighting       | 4 5 6 7 9 10 11 12 | 12.5
Axes           | 4 5 7 9 11 13 15 17 | 17.3
Shields        | 4 |  4.0
Dodging        | 3 4 |  4.0
Invocations    | 3 5 6 |  6.2

Action                   |  1- 3 |  4- 6 |  7- 9 | 10-12 | 13-15 || total
-------------------------+-------+-------+-------+-------+-------++-------
Melee: War axe           |    67 |    35 |   226 |   376 |    46 ||   750
       Headbutt          |     9 |     7 |    51 |   110 |    33 ||   210
       Hand axe          |       |       |       |   107 |    63 ||   170
Invok: Divine Shield     |       |       |       |     2 |     1 ||     3
       Cleansing Flame   |       |       |       |     1 |     1 ||     2
Evoke: Wand              |       |       |     3 |       |       ||     3
  Use: Scroll            |     4 |     2 |     9 |     5 |     2 ||    22
       Potion            |       |     1 |     3 |     3 |     4 ||    11
Armor: Scale mail        |    39 |    10 |       |       |       ||    49
       Chain mail        |       |       |   177 |   205 |    50 ||   432
Dodge: Dodged            |    29 |    12 |   214 |   361 |    50 ||   666
Block: Buckler           |    21 |     8 |    85 |   121 |    25 ||   260

Table legend: (Time is in decaauts)
 A = Elapsed time spent in this place.
 B = Non-inter-level travel time spent in this place.
 C = Inter-level travel time spent in this place.
 D = Time resting spent in this place.
 E = Time spent auto-exploring this place.
 F = Levels seen in this place.
 G = Mean time per level.
                   A        B        C        D        E       F      G
               +--------+--------+--------+--------+--------+-----+--------+
         Total |  14447 |  14016 |    431 |   4253 |   7027 |  14 | 1031.9 |
       Dungeon |  14164 |  13743 |    421 |   4253 |   6835 |  13 | 1089.5 |
        Temple |    283 |    273 |     10 |      0 |    192 |   1 |  283.0 |
               +--------+--------+--------+--------+--------+-----+--------+

Top non-repeatable levels by time:
     D:6: 2619 daAuts
     D:9: 2334 daAuts
    D:12: 1533 daAuts
     D:8: 1208 daAuts
     D:2: 1040 daAuts
     D:4: 899 daAuts
    D:10: 860 daAuts
     D:3: 809 daAuts
     D:1: 794 daAuts
    D:11: 783 daAuts
     D:7: 576 daAuts
     D:5: 553 daAuts
  Temple: 283 daAuts
    D:13: 150 daAuts
